 Dungeon Crawl Stone Soup version 0.16.2-12-gd0ad4c3 (webtiles) character file.

21056 faibistes the Thaumaturge (level 12, -17/71 HPs)
             Began as a Deep Elf Wizard on Jan 27, 2018.
             Was a High Priest of Sif Muna.
             Demolished by Maud
             ... wielding a +2 glaive of venom
              (24 damage)
             ... on level 3 of the Lair of Beasts.
             The game lasted 01:10:23 (22207 turns).

faibistes the Thaumaturge (Deep Elf Wizard)        Turns: 22207, Time: 01:10:23

Health: -17/71     AC: 16    Str:  4    XL:     12   Next: 50%
Magic:  4/36       EV: 17    Int: 29    God:    Sif Muna [*****.]
Gold:   443        SH:  0    Dex: 13    Spells: 8 memorised, 19 levels left

rFire  + . .     SeeInvis .     w - +5 dagger of Skithimn {pierce, rF+}
rCold  . . .     Clarity  .     a - +0 robe
rNeg   . . .     SustAb   .     (no shield)
rPois  +         Gourm    .     u - +2 hat
rElec  .         Spirit   .     F - +2 cloak
rCorr  .         Warding  .     (no gloves)
rMut   +         Stasis   .     t - +2 pair of boots
MR     +....                    R - amulet of resist mutation
Stlth  ++........               X - ring of poison resistance
                                P - +6 ring of protection

@: lethally poisoned (-17 -> -18), repel missiles, somewhat resistant to hostile
enchantments, unstealthy
A: no striking features
a: Channel Energy, Forget Spell, Renounce Religion


You were on level 3 of the Lair of Beasts.
You worshipped Sif Muna.
Sif Muna was extremely pleased with you.
You were not hungry.

You visited 3 branches of the dungeon, and saw 16 of its levels.

You collected 739 gold pieces.
You spent 296 gold pieces at shops.

Inventory:

Hand weapons
 h - a +5 short sword of venom
 w - the +5 dagger of Skithimn (weapon) {pierce, rF+}
   (You found it on level 6 of the Dungeon)

   It inflicts extra damage upon your enemies.
   It protects you from fire.
 G - a +2 rapier of speed
Armour
 a - a +0 robe (worn)
 t - a +2 pair of boots (worn)
 u - a +2 hat (worn)
 F - a +2 cloak (worn)
Magical staves
 C - an uncursed staff of conjuration
Jewellery
 y - an uncursed ring of stealth
 P - a +6 ring of protection (left hand)
 R - an amulet of resist mutation (around neck)
 U - an uncursed ring of see invisible
 X - a ring of poison resistance (right hand)
Magical devices
 c - a wand of frost (21)
 i - a wand of digging (13)
 r - a wand of polymorph (8)
 s - a wand of frost (29)
 B - a wand of slowing (48)
 I - a wand of teleportation (5)
 K - a wand of fireball (0)
 L - a wand of fire (3)
 N - a wand of digging (13)
 Y - a wand of teleportation (0)
 Z - a wand of paralysis (7)
Scrolls
 e - 2 scrolls of immolation
 f - a scroll of enchant armour
 l - 4 scrolls of blinking
 m - 7 scrolls of teleportation
 n - 2 scrolls of amnesia
 o - 3 scrolls of magic mapping
 p - 3 scrolls of remove curse
 q - 2 scrolls of recharging
 v - 4 scrolls of fog
 x - 2 scrolls of fear
 W - a scroll of identify
Potions
 g - 3 potions of flight
 D - 3 potions of haste
 E - 3 potions of brilliance
 H - a potion of resistance
 J - 4 potions of curing
 M - 2 potions of ambrosia
 O - 2 potions of heal wounds
 Q - 2 potions of magic
 S - a potion of cancellation
 T - 2 potions of might
 V - a potion of cure mutation
Comestibles
 b - 7 chunks of flesh
 d - 11 bread rations
 k - a slice of pizza
 z - 3 beef jerkies
 A - 5 meat rations


   Skills:
 + Level 6.8 Fighting
 + Level 9.0 Dodging
 - Level 2.4 Stealth
 * Level 13.8 Spellcasting
 * Level 6.8 Conjurations
 + Level 5.5 Charms
 - Level 4.0 Summonings
 + Level 5.0 Translocations
 - Level 3.0 Transmutations
 * Level 6.8 Fire Magic
 - Level 2.6 Air Magic
 - Level 5.1 Poison Magic
 * Level 6.0 Invocations
 + Level 5.0 Evocations


You had 19 spell levels left.
You knew the following spells:

 Your Spells              Type           Power        Failure   Level  Hunger
a - Magic Dart            Conj           ####         1%          1    None
b - Conjure Flame         Conj/Fire      ######..     1%          3    None
c - Call Imp              Summ           #####...     1%          2    None
d - Blink                 Tloc           N/A          1%          2    None
e - Mephitic Cloud        Conj/Pois/Air  #####...     1%          3    None
f - Repel Missiles        Chrm/Air       #####.       1%          2    None
g - Beastly Appendage     Trmt           #####.       1%          1    None
v - Venom Bolt            Conj/Pois      ######....   10%         5    None


Dungeon Overview and Level Annotations

Branches:
Dungeon (12/15)            Temple (1/1) D:7            Lair (3/8) D:11
  Swamp: Lair:3-6    Shoals: Lair:3-6     Snake: Lair:3-6    Spider: Lair:3-6
    Orc: D:9-12

Altars:
Ashenzari
Cheibriados
Dithmenos
Elyvilon
Fedhas
Gozag
Kikubaaqudgha
Makhleb
Nemelex Xobeh
Okawaru
Qazlal
Ru
Sif Muna
Trog
Vehumet
Xom
Yredelemnul
Zin
The Shining One

Shops:
D:9 *?

Annotations:
Lair:3 Maud


Message History

Maud misses you.
Casting: Mephitic Cloud
Confirm with . or Enter, or press ? or * to list all spells.
Aiming: Mephitic Cloud
Press: ? - help, Shift-Dir - straight line, f - Maud
Aim: Maud, wielding a glaive of venom and wearing a chain mail (heavily wounded)
The ball explodes into a vile cloud!
The stinking cloud engulfs Maud.
Maud is heavily wounded.
The stinking cloud engulfs you!
Unknown command.
You puncture Maud!
Maud is severely wounded.
You feel sick.
Maud is engulfed in noxious fumes.
Maud hits you with a glaive of venom!!!
Ouch! That really hurt!
* * * LOW HITPOINT WARNING * * *
Unknown command.
The giant frog seems less confused.
Maud is engulfed in noxious fumes.
Maud hits you from afar with a glaive of venom!!
You die...

.###.#.###.....#
#....##....#
........#.....## ....
. .## ..#............#
.... ...#
.###...###....####.##
.# # .#
##...##....###...## .#
.#
######.÷..#.#....##..
.. ###.....!..........
..
................†....
..
....$......§@§§§......
.
...........§§.@§.....#
............§.§..F..#
.........l.........
......####.$##.P..
.##..# .#.# #P. ##.. .
.. . ... .. ...


You could see Maud, a giant frog and an iguana (confused).

Vanquished Creatures
  Gastronok (Lair:2)
  The ghost of faibistes the Thaumaturge, a powerful DEWz of Sif Muna (Lair:2)
  Nergalle (Lair:2)
  Erolcha (D:10)
  2 hill giants (D:10)
  2 ugly things
  Joseph (D:10)
  3 black mambas
  A centaur skeleton (D:10)
  3 spiny frogs (Lair:2)
  A two-headed ogre (D:10)
  A merfolk (Lair:3)
  Sonja (D:10)
  A polar bear (Lair:3)
  4 slime creatures (D:11)
  A troll (D:10)
  6 blink frogs
  9 yaks
  The ghost of faibistes the Magician, an average DEWz (D:5)
  A spriggan (D:10)
  4 deep elf magi
  A wyvern (D:10)
  A deep elf fighter (D:11)
  2 hippogriffs
  6 water moccasins
  7 porcupines
  A phantom (D:10)
  2 sky beasts (D:9)
  4 orc warriors
  5 centaurs
  5 crocodiles
  9 ice beasts
  3 black bears
  2 necrophages
  7 ogres
  A water moccasin zombie (D:6)
  8 giant frogs
  6 scorpions
  A wyvern zombie (D:7)
  9 killer bees
  16 wights
  3 goliath beetles
  A centaur zombie (D:9)
  2 crimson imps (D:11)
  2 giant frog skeletons
  9 hounds
  A jelly (D:6)
  Crazy Yiuf (D:4)
  14 orc wizards
  12 orc priests
  9 worker ants
  4 iguanas
  A hound zombie (D:8)
  A hound skeleton (D:6)
  A worker ant zombie (D:6)
  20 adders
  11 river rats
  2 shadow imps (D:9)
  5 worms
  An adder skeleton (D:5)
  34 orcs
  3 bat skeletons
  2 giant cockroaches
  13 hobgoblins
  12 jackals
  6 quokkas
  2 ball pythons (D:4)
  31 bats
  2 giant geckos
  2 giant newts
  A giant spore (D:10)
  14 goblins
  A jackal skeleton (D:4)
  13 kobolds
  22 rats
  5 ballistomycetes (D:10)
  A fungus (D:11)
  A plant (Lair:2)
407 creatures vanquished.

Vanquished Creatures (collateral kills)
  A slime creature (D:11)
  An adder (D:10)
2 creatures vanquished.

Vanquished Creatures (others)
  An ice beast (D:10)
  A killer bee (D:10)
  2 crimson imps
  A giant spore (D:10)
  2 fungi (D:11)
  2 plants
9 creatures vanquished.

Grand Total: 418 creatures vanquished

Notes
Turn   | Place    | Note
--------------------------------------------------------------
     0 | D:1      | faibistes, the Deep Elf Wizard, began the quest for the Orb.
     0 | D:1      | Reached XP level 1. HP: 10/10 MP: 6/6
   345 | D:1      | Reached XP level 2. HP: 15/15 MP: 8/10
   349 | D:1      | Learned a level 2 spell: Blink
   352 | D:1      | Learned a level 2 spell: Call Imp
   699 | D:2      | Reached skill level 5 in Spellcasting
   960 | D:2      | Reached XP level 3. HP: 19/19 MP: 3/14
   965 | D:2      | Learned a level 3 spell: Conjure Flame
   969 | D:2      | Learned a level 3 spell: Mephitic Cloud
  1393 | D:2      | Learned a level 2 spell: Repel Missiles
  1449 | D:2      | Found a sacrificial altar of Ru.
  1469 | D:2      | You fall through a shaft for 2 floors!
  1535 | D:4      | Reached XP level 4. HP: 24/24 MP: 2/17
  1678 | D:5      | Entered Level 5 of the Dungeon
  1678 | D:5      | Noticed a centaur
  1691 | D:5      | Killed a centaur
  1691 | D:5      | Reached skill level 6 in Spellcasting
  1691 | D:5      | Reached XP level 5. HP: 28/28 MP: 6/20
  2165 | D:2      | Found a glowing silver altar of Zin.
  2166 | D:2      | Noticed an angel
  2421 | D:3      | Found a burning altar of Makhleb.
  2609 | D:3      | Noticed an ogre
  2618 | D:3      | Killed an ogre
  2618 | D:3      | Reached XP level 6. HP: 32/32 MP: 12/22
  3036 | D:3      | Reached skill level 1 in Fighting
  3181 | D:3      | Reached skill level 7 in Spellcasting
  3910 | D:4      | Reached XP level 7. HP: 37/39 MP: 17/25
  4414 | D:5      | Noticed a necrophage
  4670 | D:4      | Noticed Crazy Yiuf
  4904 | D:4      | Killed Crazy Yiuf
  5283 | D:5      | Noticed faibistes' ghost (average DEWz)
  5366 | D:5      | Killed faibistes' ghost
  5366 | D:5      | Reached skill level 5 in Dodging
  5366 | D:5      | Reached skill level 8 in Spellcasting
  5719 | D:5      | Noticed a centaur
  5725 | D:5      | Killed a centaur
  5842 | D:5      | Reached XP level 8. HP: 25/46 MP: 7/28
  6012 | D:5      | Noticed a water moccasin
  6018 | D:5      | Killed a water moccasin
  6018 | D:5      | Reached skill level 9 in Spellcasting
  6926 | D:5      | Reached skill level 10 in Spellcasting
  7042 | D:5      | Noticed an ogre
  7053 | D:5      | Killed an ogre
  7062 | D:5      | Killed a necrophage
  7443 | D:5      | Reached skill level 5 in Fighting
  7443 | D:5      | Reached XP level 9. HP: 52/54 MP: 24/30
  7642 | D:6      | Found a glowing golden altar of the Shining One.
  7710 | D:8      | Reached skill level 1 in Evocations
  7918 | D:6      | Got a smoking dagger
  7919 | D:6      | Identified the +5 dagger of Skithimn {pierce, rF+} (You found it on level 6 of the Dungeon)
  8741 | D:6      | Reached skill level 11 in Spellcasting
  9125 | D:8      | Found a sparkling altar of Nemelex Xobeh.
  9703 | D:7      | Found a staircase to the Ecumenical Temple.
  9708 | Temple   | Entered the Ecumenical Temple
  9765 | Temple   | Became a worshipper of Sif Muna the Loreminder
  9772 | Temple   | Learned a level 5 spell: Venom Bolt
 10397 | D:8      | Reached skill level 1 in Poison Magic
 10558 | D:8      | Reached skill level 1 in Fire Magic
 10649 | D:8      | Reached skill level 1 in Air Magic
 10980 | D:8      | Found a stormy altar of Qazlal.
 10983 | D:8      | Found a snail-covered altar of Cheibriados.
 10995 | D:8      | Found an ancient bone altar of Kikubaaqudgha.
 10998 | D:8      | Found a sacrificial altar of Ru.
 11285 | D:8      | Noticed a red ugly thing
 11299 | D:8      | Acquired Sif Muna's first power
 11397 | D:7      | Learned a level 1 spell: Beastly Appendage
 11704 | D:8      | Got a slimy robe
 11715 | D:8      | Identified the cursed -5 robe of Bodimn {rF- rN+ Str+3 Int+4} (You found it on level 8 of the Dungeon)
 12075 | D:10     | Entered Level 10 of the Dungeon
 12351 | D:9      | Reached XP level 10. HP: 60/60 MP: 29/32
 13206 | D:9      | Found Smarink's Magic Scroll Shoppe.
 13215 | D:9      | Bought a scroll of recharging for 133 gold pieces
 13404 | D:9      | Found an ancient bone altar of Kikubaaqudgha.
 13439 | D:9      | Found Toufeakk's Assorted Antiques.
 13450 | D:9      | Bought a pearl ring for 135 gold pieces
 13845 | D:10     | Noticed Joseph
 13859 | D:10     | Killed Joseph
 13859 | D:10     | Acquired Sif Muna's second power
 13859 | D:10     | Reached skill level 12 in Spellcasting
 13972 | D:10     | Noticed Erolcha
 13983 | D:10     | Killed Erolcha
 13983 | D:10     | Reached skill level 5 in Conjurations
 13983 | D:10     | Reached skill level 1 in Charms
 13983 | D:10     | Reached skill level 1 in Transmutations
 13983 | D:10     | Reached skill level 1 in Invocations
 14158 | D:10     | Noticed Sonja
 14165 | D:10     | Killed Sonja
 14327 | D:10     | Noticed a brown ugly thing
 14331 | D:10     | Killed a brown ugly thing
 14397 | D:10     | Noticed a centaur skeleton
 14404 | D:10     | Killed a centaur skeleton
 15142 | D:9      | Bought a scroll of identify for 28 gold pieces
 15321 | D:10     | Reached XP level 11. HP: 64/64 MP: 26/34
 15458 | D:10     | Noticed a hill giant
 15471 | D:10     | Killed a hill giant
 16022 | D:11     | Noticed a white ugly thing
 16030 | D:11     | Killed a white ugly thing
 16789 | D:11     | Found a staircase to the Lair.
 17104 | D:11     | Noticed a hill giant
 17240 | D:10     | Killed a hill giant
 17240 | D:10     | Acquired Sif Muna's third power
 17739 | D:11     | Found a snail-covered altar of Cheibriados.
 17863 | D:11     | Reached skill level 5 in Poison Magic
 17921 | D:11     | Reached skill level 5 in Fire Magic
 18270 | Lair:1   | Entered Level 1 of the Lair of Beasts
 18628 | Lair:2   | Noticed Gastronok
 18628 | Lair:2   | Noticed faibistes' ghost (powerful DEWz)
 18630 | Lair:2   | Noticed Nergalle
 18757 | Lair:1   | Reached skill level 13 in Spellcasting
 19405 | Lair:2   | Killed Nergalle
 20182 | Lair:2   | Reached XP level 12. HP: 61/71 MP: 21/35
 20384 | Lair:2   | Killed faibistes' ghost
 20384 | Lair:2   | Reached skill level 5 in Invocations
 20813 | Lair:2   | Reached skill level 5 in Charms
 20846 | Lair:2   | Killed Gastronok
 21992 | Lair:3   | Reached skill level 5 in Translocations
 22142 | Lair:3   | Reached skill level 5 in Evocations
 22184 | Lair:3   | Noticed Maud
 22207 | Lair:3   | Demolished by Maud

Action                   |  1- 3 |  4- 6 |  7- 9 | 10-12 || total
-------------------------+-------+-------+-------+-------++-------
Melee: Short sword       |     2 |     6 |    71 |       ||    79
       Dagger            |       |       |    44 |   210 ||   254
 Cast: Magic Dart        |    74 |   107 |   414 |   569 ||  1164
       Conjure Flame     |     2 |     4 |    39 |    62 ||   107
       Mephitic Cloud    |     1 |     4 |    40 |    55 ||   100
       Repel Missiles    |     1 |       |     2 |       ||     3
       Blink             |       |     1 |    18 |    13 ||    32
       Call Imp          |       |     1 |     1 |     2 ||     4
       Venom Bolt        |       |       |     4 |    50 ||    54
Invok: Channel Energy    |       |       |       |    14 ||    14
Evoke: Wand              |       |       |     1 |    12 ||    13
  Use: Scroll            |     6 |     1 |    21 |    13 ||    41
       Potion            |       |       |     7 |     2 ||     9
 Stab: Confused          |       |     1 |     7 |     9 ||    17
       Sleeping          |       |     1 |     2 |     2 ||     5
       Paralysed         |       |       |       |     6 ||     6
  Eat: Chunk             |     2 |     7 |    23 |    32 ||    64
       Fruit             |       |       |     2 |     2 ||     4
       Pizza             |       |       |     1 |       ||     1
       Royal jelly       |       |       |       |     1 ||     1
